3AA
NORTONVILLE CHEROKEES @ TACOMA FUR TRADERS
09/12/2021
 
TOP OF THE 1ST
Nortonville Cherokees batting - Pitching for Tacoma Fur Traders : RHP Howard Ritchie
Pitching: RHP Howard Ritchie
Batting: RHB David Sánchez 0-0: Ball
1-0: Fly out, F8 (Flyball, 8RS)
Batting: SHB Craig Barnes 0-0: Ball
1-0: Ball
2-0: Ball
3-0: Called Strike
3-1: Base on Balls
Batting: RHB Chris Oudekirk 0-0: Ball
1-0: Called Strike
1-1: Called Strike
1-2: Ball
2-2: Strikes out looking
Batting: RHB Tom Tracy 0-0: Ball
1-0: SINGLE (Groundball, 56D)
Craig Barnes to second
Batting: SHB Chris Cordell 0-0: Ball
1-0: Called Strike
1-1: Ball
2-1: Swinging Strike
2-2: Foul Ball, location: 2F
2-2: Foul Ball, location: 2F
2-2: Fly out, F7 (Flyball, 7M)
Top of the 1st over - 0 run(s), 1 hit(s), 0 error(s), 2 left on base; Nortonville 0 - Tacoma 0
BOTTOM OF THE 1ST
Tacoma Fur Traders batting - Pitching for Nortonville Cherokees : LHP Homer O'Lannigan
Pitching: LHP Homer O'Lannigan
Batting: RHB Tony Romero 0-0: Bunt for hit - play at first, batter safe!
Batting: RHB Mike Daniels 0-0: Swinging Strike
0-1: Ball
1-1: Ball
2-1: Swinging Strike
2-2: Ball
3-2: Fly out, F9 (Flyball, 9LM)
Batting: LHB Jim Unknown 0-0: Ball
Tony Romero is caught stealing 2nd base
1-0: Ball
2-0: Called Strike
2-1: Foul Ball, location: 2F
2-2: Strikes out swinging
Bottom of the 1st over - 0 run(s), 1 hit(s), 0 error(s), 0 left on base; Nortonville 0 - Tacoma 0
TOP OF THE 2ND
Nortonville Cherokees batting - Pitching for Tacoma Fur Traders : RHP Howard Ritchie
Batting: RHB Cristián Cruz 0-0: Ground out 6-3 (Groundball, 6)
Batting: RHB Bill Manning 0-0: Ground out 6-3 (Groundball, 6)
Batting: LHB Anthony Trigg 0-0: Ball
1-0: Foul Ball, location: 2F
1-1: Ground out 5-3 (Groundball, 56)
Top of the 2nd over - 0 run(s), 0 hit(s), 0 error(s), 0 left on base; Nortonville 0 - Tacoma 0
BOTTOM OF THE 2ND
Tacoma Fur Traders batting - Pitching for Nortonville Cherokees : LHP Homer O'Lannigan
Batting: RHB Mario Castillo 0-0: Called Strike
0-1: SINGLE (Flyball, 78M)
Batting: RHB Cristo González 0-0: SINGLE (Groundball, 6MD)
Mario Castillo to second
Runner from 2nd tries for 3rd, SAFE, throw made to third
Batting: RHB Gonzalo Manuel 0-0: Ball
1-0: Ball
2-0: Called Strike
2-1: SINGLE (Groundball, 56D)
Mario Castillo scores
Cristo González to second
Batting: LHB Jim Unknown 0-0: Foul Ball, location: 2F
0-1: Called Strike
Cristo González steals 3rd base
Gonzalo Manuel to second
0-2: Strikes out swinging
Batting: RHB Jim Unknown 0-0: Called Strike
0-1: Ball
1-1: Ball
2-1: Swinging Strike
2-2: DOUBLE (Flyball, 78XD)
Cristo González scores
Gonzalo Manuel scores
Batting: RHB Ronald Hines 0-0: Ball
1-0: SINGLE (Flyball, 8LS)
Jim Unknown to third
Batting: RHB Tony Romero 0-0: Ball
1-0: Foul Ball, location: 2F
1-1: Ground out 4-3 (Groundball, 4M)
Jim Unknown scores
Ronald Hines to second
Batting: RHB Mike Daniels 0-0: Foul Ball, location: 2F
0-1: Ball
1-1: Foul Ball, location: 2F
1-2: Foul Ball, location: 2F
1-2: Ball
2-2: Ball
3-2: Fly out, F9 (Flyball, 3DF)
Bottom of the 2nd over - 4 run(s), 5 hit(s), 0 error(s), 1 left on base; Nortonville 0 - Tacoma 4
TOP OF THE 3RD
Nortonville Cherokees batting - Pitching for Tacoma Fur Traders : RHP Howard Ritchie
Batting: RHB Víctor López 0-0: Called Strike
0-1: Ball
1-1: Ball
2-1: Ground out 4-3 (Groundball, 4)
Batting: RHB David Sánchez 0-0: Foul Ball, location: 2F
0-1: Foul Ball, location: 2F
0-2: Strikes out swinging
Batting: SHB Craig Barnes 0-0: SINGLE (Groundball, 56D)
Batting: RHB Chris Oudekirk 0-0: SINGLE (Line Drive, 8LS)
Craig Barnes to second
Batting: RHB Tom Tracy 0-0: Called Strike
0-1: Swinging Strike
0-2: Foul Ball, location: 2F
0-2: Ball
1-2: Strikes out looking
Top of the 3rd over - 0 run(s), 2 hit(s), 0 error(s), 2 left on base; Nortonville 0 - Tacoma 4
BOTTOM OF THE 3RD
Tacoma Fur Traders batting - Pitching for Nortonville Cherokees : LHP Homer O'Lannigan
Batting: LHB Jim Unknown 0-0: SINGLE (Line Drive, 4MD)
Batting: RHB Mario Castillo 0-0: Swinging Strike
0-1: Foul Ball, location: 2F
0-2: Foul Ball, location: 2F
0-2: Strikes out looking
Batting: RHB Cristo González 0-0: Ball
1-0: DOUBLE (Line Drive, 7LM)
Jim Unknown to third
Batting: RHB Gonzalo Manuel 0-0: Called Strike
0-1: Swinging Strike
0-2: Strikes out swinging
Batting: LHB Jim Unknown 0-0: Ball
1-0: Ground out 4-3 (Groundball, 4)
Bottom of the 3rd over - 0 run(s), 2 hit(s), 0 error(s), 2 left on base; Nortonville 0 - Tacoma 4
TOP OF THE 4TH
Nortonville Cherokees batting - Pitching for Tacoma Fur Traders : RHP Howard Ritchie
Batting: SHB Chris Cordell 0-0: Ball
1-0: Called Strike
1-1: Swinging Strike
1-2: Ball
2-2: Ball
3-2: SINGLE (Line Drive, 56D)
Batting: RHB Cristián Cruz 0-0: Ball
Pickoff Throw to First - Out!
1-0: Ball
2-0: Called Strike
2-1: Swinging Strike
2-2: Ball
3-2: Foul Ball, location: 2F
3-2: Strikes out looking
Batting: RHB Bill Manning 0-0: Ball
1-0: Ball
2-0: Swinging Strike
2-1: Foul Ball, location: 2F
2-2: Ball
3-2: Ground out 1-3 (Groundball, 13)
Top of the 4th over - 0 run(s), 1 hit(s), 0 error(s), 0 left on base; Nortonville 0 - Tacoma 4
BOTTOM OF THE 4TH
Tacoma Fur Traders batting - Pitching for Nortonville Cherokees : LHP Homer O'Lannigan
Batting: RHB Jim Unknown 0-0: Ball
1-0: Ball
2-0: Foul Ball, location: 2F
2-1: SINGLE (Line Drive, 4MD)
Batting: RHB Ronald Hines 0-0: Swinging Strike
0-1: Ball
1-1: Ball
2-1: Foul Ball, location: 2F
2-2: Ball
3-2: Fly out, F9 (Popup, 8RS)
Batting: RHB Tony Romero 0-0: Ball
1-0: Foul Ball, location: 2F
1-1: Ball
2-1: SINGLE (Groundball, 4M)
Jim Unknown to second
Batting: RHB Mike Daniels 0-0: Called Strike
0-1: Ball
1-1: Ball
2-1: Foul Ball, location: 2F
2-2: Ball
Passed Ball!
Jim Unknown to third
Tony Romero to second
3-2: Ground out 1-3 (Groundball, 13S)
Batting: LHB Jim Unknown 0-0: Swinging Strike
0-1: Foul Ball, location: 2F
0-2: Fly out, F7 (Flyball, 78M)
Bottom of the 4th over - 0 run(s), 2 hit(s), 0 error(s), 2 left on base; Nortonville 0 - Tacoma 4
TOP OF THE 5TH
Nortonville Cherokees batting - Pitching for Tacoma Fur Traders : RHP Howard Ritchie
Batting: LHB Anthony Trigg 0-0: Foul Ball, location: 2F
0-1: Called Strike
0-2: Ball
1-2: Ball
2-2: TRIPLE (Line Drive, 9LM)
Batting: RHB Víctor López 0-0: Called Strike
0-1: Ball
1-1: Ball
2-1: Ground out 6-3 (Groundball, 6)
Anthony Trigg scores
Batting: RHB David Sánchez 0-0: SINGLE (Line Drive, 6D)
Batting: SHB Craig Barnes 0-0: SINGLE (Groundball, 34D)
David Sánchez to second
Runner from 2nd tries for 3rd, SAFE, no throw or cutoff
Batting: RHB Chris Oudekirk 0-0: DOUBLE (Line Drive, 7LM)
David Sánchez scores
Craig Barnes to third
Runner from 3rd tries for Home, SAFE, no throw or cutoff
Batting: RHB Tom Tracy 0-0: Ball
1-0: Ball
2-0: Called Strike
2-1: Ball
3-1: Base on Balls
Batting: SHB Chris Cordell 0-0: Grounds into double play, 4-6-3 (Groundball, 4)
Top of the 5th over - 3 run(s), 4 hit(s), 0 error(s), 1 left on base; Nortonville 3 - Tacoma 4
BOTTOM OF THE 5TH
Tacoma Fur Traders batting - Pitching for Nortonville Cherokees : LHP Homer O'Lannigan
Batting: RHB Mario Castillo 0-0: Fly out, F7 (Flyball, 78S)
Batting: RHB Cristo González 0-0: Ball
1-0: Ground out 5-3 (Groundball, 5)
Batting: RHB Gonzalo Manuel 0-0: Foul Ball, location: 2F
0-1: Fly out, F9 (Flyball, 89M)
Bottom of the 5th over - 0 run(s), 0 hit(s), 0 error(s), 0 left on base; Nortonville 3 - Tacoma 4
TOP OF THE 6TH
Nortonville Cherokees batting - Pitching for Tacoma Fur Traders : RHP Howard Ritchie
Batting: RHB Cristián Cruz 0-0: Ball
1-0: Called Strike
1-1: Ball
2-1: Foul Ball, location: 2F
2-2: Ball
3-2: Base on Balls
Batting: RHB Bill Manning 0-0: Foul Ball, location: 2F
0-1: SINGLE (Groundball, 4M)
Cristián Cruz to second
Batting: LHB Anthony Trigg 0-0: Hit by Pitch
Cristián Cruz to third
Bill Manning to second
Batting: RHB Víctor López 0-0: Called Strike
0-1: SINGLE (Groundball, 6)
Cristián Cruz scores
Bill Manning to third
Anthony Trigg to second
Runner from 3rd tries for Home, SAFE, throw made home
Anthony Trigg to third
Víctor López to second
Batting: RHB David Sánchez 0-0: Intentional Walk
Pitching: LHP Steve Adkins
Batting: SHB Craig Barnes 0-0: Swinging Strike
0-1: Called Strike
0-2: Foul Ball, location: 2F
0-2: Strikes out looking
Batting: RHB Chris Oudekirk 0-0: Ball
1-0: Called Strike
1-1: Ball
2-1: Fly out, F7 (Flyball, 7S)
Batting: RHB Tom Tracy 0-0: Fly out, F7 (Flyball, 7M)
Top of the 6th over - 2 run(s), 2 hit(s), 0 error(s), 3 left on base; Nortonville 5 - Tacoma 4
BOTTOM OF THE 6TH
Tacoma Fur Traders batting - Pitching for Nortonville Cherokees : LHP Homer O'Lannigan
Batting: LHB Jim Unknown 0-0: Ball
1-0: Ball
2-0: Called Strike
2-1: Ball
3-1: Ground out U3 (Groundball, 3)
Batting: RHB Jim Unknown 0-0: Ball
1-0: Ball
2-0: Ball
3-0: Called Strike
3-1: Base on Balls
Batting: RHB Ronald Hines 0-0: Ball
1-0: Foul Ball, location: 2F
1-1: Ball
2-1: Called Strike
2-2: Ball
3-2: Ground out 4-3 (Groundball, 4M)
Jim Unknown to second
Batting: RHB Tony Romero 0-0: Ball
1-0: SINGLE (Line Drive, 6)
Jim Unknown to third
Runner from 3rd tries for Home, SAFE, no throw or cutoff
Batting: RHB Mike Daniels 0-0: Ball
1-0: Called Strike
1-1: Swinging Strike
1-2: Ball
2-2: Foul Ball, location: 2F
2-2: Ball
3-2: Fly out, F9 (Flyball, 9M)
Bottom of the 6th over - 1 run(s), 1 hit(s), 0 error(s), 1 left on base; Nortonville 5 - Tacoma 5
TOP OF THE 7TH
Nortonville Cherokees batting - Pitching for Tacoma Fur Traders : LHP Steve Adkins
Pinch Hitting: RHB Jim Unknown 0-0: Called Strike
0-1: Foul Ball, location: 2F
0-2: Foul Ball, location: 2F
0-2: SINGLE (Line Drive, 34)
Pinch Hitting: RHB Claudio Torres 0-0: Hit by Pitch
Jim Unknown to second
Batting: RHB Bill Manning 0-0: Ball
1-0: Called Strike
1-1: Ball
2-1: Foul Ball, location: 2F
Reached via error on a dropped throw, E1
Jim Unknown to third
Claudio Torres to second
Pinch Hitting: RHB Miguel Ramírez 0-0: Ball
1-0: Called Strike
1-1: Ball
Passed Ball!
Jim Unknown scores
Claudio Torres to third
Bill Manning to second
2-1: Foul Ball, location: 2F
2-2: Strikes out swinging
Batting: RHB Víctor López 0-0: SINGLE (Groundball, 5D)
Claudio Torres scores
Bill Manning to third
Runner from 3rd tries for Home, SAFE, throw made home
Víctor López to second
Batting: RHB David Sánchez 0-0: Intentional Walk
Pitching: RHP Jim Unknown
Batting: SHB Craig Barnes 0-0: Fly out, F8 (Flyball, 8LM)
Batting: RHB Chris Oudekirk 0-0: Called Strike
0-1: Foul Ball, location: 2F
0-2: Ball
1-2: DOUBLE (Groundball, 5L)
Víctor López scores
David Sánchez to third
Batting: RHB Tom Tracy 0-0: Fly out, F8 (Flyball, 8RM)
Top of the 7th over - 4 run(s), 3 hit(s), 1 error(s), 2 left on base; Nortonville 9 - Tacoma 5
BOTTOM OF THE 7TH
Tacoma Fur Traders batting - Pitching for Nortonville Cherokees : LHP Homer O'Lannigan
Now at 1B: Claudio Torres
Now at 2B: Jim Unknown
Now in RF: Jafar Taha
Batting: LHB Jim Unknown 0-0: Ground out U3 (Groundball, 3)
Batting: RHB Mario Castillo 0-0: Foul Ball, location: 2F
0-1: Ball
1-1: Ground out 6-3 (Groundball, 6)
Batting: RHB Cristo González 0-0: Called Strike
0-1: Ball
1-1: Called Strike
1-2: SINGLE (Line Drive, 7LS)
Pitching: RHP Brandeis Göller
Batting: RHB Gonzalo Manuel 0-0: Foul Ball, location: 2F
0-1: Ball
1-1: Ball
2-1: Fly out, F5 (Popup, 5F)
Bottom of the 7th over - 0 run(s), 1 hit(s), 0 error(s), 1 left on base; Nortonville 9 - Tacoma 5
TOP OF THE 8TH
Nortonville Cherokees batting - Pitching for Tacoma Fur Traders : RHP Jim Unknown
Batting: RHB Jim Unknown 0-0: Foul Ball, location: 2F
0-1: Called Strike
0-2: Ball
1-2: Foul Ball, location: 2F
1-2: Ball
2-2: Ball
3-2: Foul Ball, location: 2F
3-2: Base on Balls
Batting: RHB Claudio Torres 0-0: Bunt missed!
0-1: Bunted foul
0-2: Ball
1-2: Grounds into double play, 6-4-3 (Groundball, 6)
Batting: RHB Bill Manning 0-0: Ball
1-0: Ball
2-0: Called Strike
2-1: Swinging Strike
2-2: Ball
3-2: Foul Ball, location: 2F
3-2: Strikes out swinging
Top of the 8th over - 0 run(s), 0 hit(s), 0 error(s), 0 left on base; Nortonville 9 - Tacoma 5
BOTTOM OF THE 8TH
Tacoma Fur Traders batting - Pitching for Nortonville Cherokees : RHP Brandeis Göller
Batting: LHB Jim Unknown 0-0: Bunt for hit - play at first, batter safe!
Batting: RHB Jim Unknown 0-0: Called Strike
0-1: Foul Ball, location: 2F
0-2: Ball
1-2: SINGLE (Groundball, 56D)
Jim Unknown to second
Pitching: RHP Patrick Edwards
Batting: RHB Ronald Hines 0-0: Ball
1-0: Called Strike
1-1: Ball
2-1: Foul Ball, location: 2F
2-2: Foul Ball, location: 2F
2-2: Foul Ball, location: 2F
2-2: Fly out, F4 (Popup, 3D)
Batting: RHB Tony Romero 0-0: Called Strike
0-1: Ball
1-1: Called Strike
1-2: Fly out, F7 (Flyball, 7M)
Batting: RHB Mike Daniels 0-0: Called Strike
0-1: SINGLE (Groundball, 34D)
Jim Unknown to third
Jim Unknown to second
Runner from 3rd tries for Home, SAFE, no throw or cutoff
Batting: LHB Jim Unknown 0-0: Ball
1-0: Called Strike
1-1: Fielders Choice at 2nd, U4 (Groundball, 4M)
Bottom of the 8th over - 1 run(s), 3 hit(s), 0 error(s), 2 left on base; Nortonville 9 - Tacoma 6
TOP OF THE 9TH
Nortonville Cherokees batting - Pitching for Tacoma Fur Traders : RHP Jim Unknown
Pitching: RHP Jim Unknown
Batting: LHB Jafar Taha 0-0: Ball
1-0: Swinging Strike
1-1: Called Strike
1-2: Ball
2-2: Ball
3-2: Strikes out looking
Batting: RHB Víctor López 0-0: Called Strike
0-1: Ball
1-1: Ball
2-1: Called Strike
2-2: Fly out, F9 (Flyball, 89M)
Batting: RHB David Sánchez 0-0: Ball
1-0: Ball
2-0: Foul Ball, location: 2F
2-1: Foul Ball, location: 2F
2-2: Ball
3-2: Ground out 5-3 (Groundball, 56)
Top of the 9th over - 0 run(s), 0 hit(s), 0 error(s), 0 left on base; Nortonville 9 - Tacoma 6
BOTTOM OF THE 9TH
Tacoma Fur Traders batting - Pitching for Nortonville Cherokees : RHP Patrick Edwards
Pitching: RHP Roberto Cabrera
Batting: RHB Mario Castillo 0-0: Foul Ball, location: 2F
0-1: Swinging Strike
0-2: Ball
1-2: SINGLE (Groundball, 56D)
Batting: RHB Cristo González 0-0: Foul Ball, location: 2F
0-1: Grounds into double play, 6-4-3 (Groundball, 6)
Batting: RHB Gonzalo Manuel 0-0: SINGLE (Flyball, 8LS)
Batting: LHB Jim Unknown 0-0: Ball
1-0: Foul Ball, location: 2F
1-1: Ball
2-1: Ground out 5-3 (Groundball, 56S)
Bottom of the 9th over - 0 run(s), 2 hit(s), 0 error(s), 1 left on base; Nortonville 9 - Tacoma 6
This league is powered by Out of the Park Baseball, the baseball management simulation game for PC, Mac and Linux
Friday, January 22nd, 2016 - OOTP Baseball 16.9 Build 39